 Dungeon Crawl Stone Soup version 0.23-a0-130-g0e7800e (webtiles) character file.

28 Kikal the Ruffian (level 3, -1/29 HPs)
             Began as a Mummy Monk on Aug 27, 2018.
             Slain by a hobgoblin (2 damage)
             ... on level 1 of the Dungeon.
             The game lasted 00:03:42 (1442 turns).

Kikal the Ruffian (Mummy Monk)                      Turns: 1442, Time: 00:03:47

Health: -1/29      AC:  5    Str: 15    XL:     3   Next: 0%
Magic:  3/3        EV: 11    Int:  9    God:
Gold:   30         SH:  0    Dex: 14    Spells: 2/2 levels left

rFire    x . .     SeeInvis .     - Unarmed
rCold    + . .     Gourm    .   (no shield)
rNeg     + + +     Faith    .   d - +0 ring mail
rPois    ∞         Spirit   .   (no helmet)
rElec    .         Reflect  .   (no cloak)
rCorr    .         Harm     .   (no gloves)
MR       .....                  (no boots)
Stlth    +.........             (no amulet)
HPRegen  0.09/turn              (no ring)
MPRegen  0.08/turn              (no ring)

@: no status effects
A: no food or potions, fire vulnerability, cold resistance 1, negative energy
resistance 3, torment resistance, unbreathing
a: no special abilities


You were on level 1 of the Dungeon.
You were not hungry.

You visited 1 branch of the dungeon, and saw 2 of its levels.

You collected 30 gold pieces.

Inventory:

Hand Weapons
 f - a +3 whip
Missiles
 g - 2 stones (quivered)
Armour
 a - a +0 robe
 d - a +0 ring mail (worn)
Scrolls
 b - a scroll of immolation {unknown}
 c - a scroll of enchant weapon {unknown}
 e - a scroll of teleportation {unknown}
 h - a scroll of identify {unknown}
 i - a scroll of magic mapping {unknown}


   Skills:
 - Level 3.0 Fighting
 - Level 2.4 Dodging
 - Level 1.5 Stealth
 + Level 3.4 Unarmed Combat


You had 2 spell levels left.
You didn't know any spells.
Your spell library was empty.

Dungeon Overview and Level Annotations

Branches:
Dungeon (2/15)

Altars:


Innate Abilities, Weirdness & Mutations

You do not eat or drink.
Your flesh is vulnerable to fire.
You are immune to poison.
Your flesh is cold resistant. (rC+)
You are immune to negative energy. (rN+++)
You are immune to unholy pain and torment.
You can survive without breathing.


Message History

The hobgoblin hits you.
* * * LOW HITPOINT WARNING * * *
You take 2 damage, and have 6/24 hp.
You hit the quokka. The quokka bites you.
* * * LOW HITPOINT WARNING * * *
The hobgoblin hits you.
* * * LOW HITPOINT WARNING * * *
The quokka bites you.
* * * LOW HITPOINT WARNING * * *
You take 5 damage, and have 1/24 hp.
MASSIVE DAMAGE!!
You hit the quokka.
You kill the quokka!
You have reached level 3!
Your experience leads to an increase in your attributes!
Increase (S)trength, (I)ntelligence, or (D)exterity?
You feel stronger.
The hobgoblin hits you but does no damage.
MP restored: 3 The hobgoblin hits you.
You die...

################
#>g............###
#@##########♣...♣.
#)# ♣♣≈≈♣# #.#
♣P≈♣♣ #.# ♣♣≈.♣
#.# ####♣♣♣♣♣♣≈≈♣♣
#.# #...♣.♣.P≈≈≈P≈
#.# #.#..≈)≈≈≈≈≈.≈
#.# #.##P≈PPP..≈P♣
#.# #.##♣♣♣♣♣♣≈♣♣♣


You could see a hobgoblin.

Vanquished Creatures
  A gnoll (D:1)
  A dart slug (D:1)
  A ball python (D:1)
  A giant cockroach (D:1)
  3 hobgoblins (D:1)
  A quokka (D:1)
  2 frilled lizards
  4 goblins (D:1)
  2 kobolds (D:1)
  A rat (D:1)
17 creatures vanquished.

Notes
Turn   | Place    | Note
-------+----------+-------------------------------------------
     0 | D:1      | Kikal the Mummy Monk began the quest for the Orb.
     0 | D:1      | Reached XP level 1. HP: 18/18 MP: 1/1
   758 | D:1      | Reached skill level 3 in Unarmed Combat
   758 | D:1      | Reached XP level 2. HP: 24/24 MP: 2/2
  1440 | D:1      | HP: 1/24 [quokka (3)]
  1441 | D:1      | Reached XP level 3. HP: 1/29 MP: 3/3
  1442 | D:1      | Slain by a hobgoblin

Vault maps used:
D:1:      elethiomel_arrival_quiet, minmay_misc_feat_roman, roderic_lattice_a,
          minmay_hedge_maze, serial_bayou_crossing

Skill      XL: |  1 |
---------------+----+-----
Unarmed Combat | 3 |  3.4
Fighting       | |  3.0
Dodging        | |  2.4
Stealth        | |  1.5

Action                   || total
-------------------------++-------
Melee: Unarmed           ||    75
       Whip              ||     2
       Punch             ||     2
Throw: Stone             ||     3
Armor: Ring mail         ||    32
       Robe              ||     1
Dodge: Dodged            ||    36

Table legend:
 A = Non-vault XP
 B = Vault XP
 C = Vault XP percentage of total XP
 D = Non-vault monster count
 E = Vault monster count
 F = Vault count percentage of total count
                 A         B        C        D         E       F
            +---------+---------+-------+---------+---------+-------
      Total |      41 |       0 |   0.0 |      17 |       0 |   0.0
            +---------+---------+-------+---------+---------+-------
        D:1 |      40 |       0 |   0.0 |      16 |       0 |   0.0
        D:2 |       1 |       0 |   0.0 |       1 |       0 |   0.0
            +---------+---------+-------+---------+---------+-------
